 Dungeon Crawl Stone Soup version 0.19-a0-1735-g048f9dc (webtiles) character file.

23 Iflex the Grave Robber (level 2, -1/19 HPs)
             Began as a Vampire Necromancer on Sept 30, 2016.
             Shot with a stone by a goblin (2 damage)
             ... on level 2 of the Dungeon.
             The game lasted 00:12:46 (958 turns).

Iflex the Grave Robber (Vampire Necromancer)         Turns: 958, Time: 00:12:47

Health: -1/19      AC:  2    Str:  7    XL:     2   Next: 72%
Magic:  0/5        EV: 12    Int: 17    God:
Gold:   60         SH:  0    Dex: 14    Spells: 1 memorised, 4 levels left

rFire  . . .     SeeInvis +     j - +0 short sword
rCold  + . .     Gourm    .     a - +0 robe
rNeg   + + .     Faith    .     (no shield)
rPois  +         Spirit   .     (no helmet)
rElec  .         Dismiss  .     (no cloak)
rCorr  .         Reflect  .     (no gloves)
MR     .....     Harm     .     (no boots)
Stlth  ++........               (no amulet)
                                (no ring)
                                (no ring)

@: very slightly contaminated, regenerating slowly
A: fangs 3, see invisible, unbreathing
a: no special abilities


You were on level 2 of the Dungeon.
You were thirsty.

You visited 1 branch of the dungeon, and saw 2 of its levels.

You collected 60 gold pieces.

Inventory:

Hand Weapons
 i - a +0 dagger
 j - a +0 short sword (weapon)
Armour
 a - a +0 robe (worn)
 f - a +0 robe
Scrolls
 e - a scroll of recharging
Potions
 c - 2 potions of blood
 k - a potion of lignification
Books
 b - a book of Necromancy

   Spells                             Type                      Level
   a - Pain                           Necromancy                   1
   b - Animate Skeleton               Necromancy                   1
   c - Vampiric Draining              Necromancy                   3
   d - Regeneration                   Charms/Necromancy            3
   e - Animate Dead                   Necromancy                   4
   f - Control Undead                 Necromancy                   4


   Skills:
 + Level 2.2 Dodging
 + Level 3.0 Stealth
 + Level 2.4 Spellcasting
 + Level 5.0 Necromancy


You had 4 spell levels left.
You knew the following spells:

 Your Spells              Type           Power        Failure   Level  Hunger
a - Pain                  Necr           ###.         2%          1    #......


Dungeon Overview and Level Annotations

Branches:
Dungeon (2/15)

Altars:
Dithmenos


Innate Abilities, Weirdness & Mutations

You heal slowly.
You have razor-sharp teeth.
You have supernaturally acute eyesight. (SInv)
You can survive without breathing.


Message History

You see here a stone.
The goblin shoots a stone.
The stone hits you.
* * * LOW HITPOINT WARNING * * *
You see here a stone.
The goblin shoots a stone.
The stone hits you.
* * * LOW HITPOINT WARNING * * *
You see here a stone.
Casting: Pain
Confirm with . or Enter, or press ? or * to list all spells.
Aiming: Pain
Press: ? - help, Shift-Dir - straight line, f - goblin
Aim: a goblin, wielding a hunting sling (chance to defeat MR: 89%)
The goblin writhes in agony!
The goblin shoots a stone.
The stone barely misses you.
The goblin shoots a stone.
The stone misses you.
The goblin shoots a stone.
The stone hits you.
* * * LOW HITPOINT WARNING * * *
You see here 2 stones.
The goblin shoots a stone.
The stone hits you.
You die...

#.# *,,**,****,**** #.#
*,,**,* *,* #.# *,<**,*
*,* #######.####*,,**,*
*,* #..........##..##,*
*,* ****#............,*
*,*
#.#.##.###.##*****,****
** #.#.##.#
*,,,,,,,,,,,,,
,******** #.#.##@#
*********,,**+
*,,**,,,* #.#.##(#
***,,*,, ***,+,,,*
#<..##.## *,,,,*,,
***,,,* #......(#
**,****,, *****
#..###.(# ***,,*⌠,*,+
#..# #(.# *,,,,*,,,,,
#..###..#####,,*,**,,,,
********
#.......g(w.#,*,,,*,,,,
,,,,**,*
#......####.#,*,,,+,,,_


You could see a goblin.

Vanquished Creatures
  An ooze (D:1)
  A dart slug (D:1)
  A leopard gecko (D:2)
  A giant cockroach (D:1)
  A hobgoblin (D:1)
  4 kobolds
  2 bats
  A frilled lizard (D:2)
  2 goblins
  2 rats (D:1)
16 creatures vanquished.

Notes
Turn   | Place    | Note
-------+----------+-------------------------------------------
     0 | D:1      | Iflex the Vampire Necromancer began the quest for the Orb.
     0 | D:1      | Reached XP level 1. HP: 13/13 MP: 3/3
   232 | D:1      | Reached XP level 2. HP: 14/19 MP: 1/5
   824 | D:1      | Found a shadowy altar of Dithmenos.
   944 | D:2      | Reached skill level 5 in Necromancy
   958 | D:2      | Shot with a stone by a goblin

Vault maps used:
D:1:      dpeg_arrival_water_altar, minmay_octomino_e4
D:2:      first_bread, evilmike_ruin_ashenzari, uniq_crazy_yiuf_cottage,
          uniq_iyjb

Skill      XL: |  1  2 |
---------------+-------+-----
Necromancy     | 5 |  5.0
Dodging        | |  2.2
Stealth        | |  3.0
Spellcasting   | |  2.4

Action                   || total
-------------------------++-------
Melee: Short sword       ||     5
 Cast: Pain              ||    29
  Use: Scroll            ||     5
       Potion            ||     2
Armor: Robe              ||     5
Dodge: Dodged            ||    12
